 Dungeon Sprint DCSS version 0.21-a0-39-g28ea6b7 (webtiles) character file.

237 PhlogistonFlux the Gouger (level 5, -4/29 HPs)
             Began as a Felid Monk on May 30, 2017.
             Was an Elder of Makhleb.
             Slain by a yaktaur (15 damage)
             ... in the Dungeon (Sprint IX: "|||||||||||||||||||||||||||||").
             The game lasted 00:01:29 (522 turns).

PhlogistonFlux the Gouger (Felid Monk)               Turns: 522, Time: 00:01:30

Health: -4/29      AC:  4    Str:  7    XL:     5   Next: 77%
Magic:  6/6        EV: 27    Int: 15    God:    Makhleb [****..]
Gold:   0          SH:  0    Dex: 20    Spells: 4/4 levels left
                                        Lives:  0   Deaths: 2

rFire    . . .     SeeInvis +     - Unarmed
rCold    . . .     Gourm    .   (shield unavailable)
rNeg     . . .     Faith    .   (armour unavailable)
rPois    .         Spirit   .   (helmet unavailable)
rElec    .         Reflect  .   (cloak unavailable)
rCorr    .         Harm     .   (gloves unavailable)
MR       .....     NoTele   +   (boots unavailable)
Stlth    ++++......             (no amulet)
Regen    0.1/turn               k - +3 ring of intelligence
MPRegen  0.1/turn               l - +2 ring of protection

@: quick
A: no armour, no weapons or thrown items, stealth, claws 1, fangs 3, see
invisible, carnivore 3, speed 1, shaggy fur 2, slow metabolism 1, sharp paws
a: Minor Destruction, Lesser Servant of Makhleb, Major Destruction, Renounce
Religion


You were in the Dungeon.
You worshipped Makhleb.
Makhleb was greatly pleased with you.
You were not hungry.

You visited 1 branch

Inventory:

Jewellery
 k - a +3 ring of intelligence (left paw)
 l - a +2 ring of protection (right paw)
Wands
 j - a wand of acid (0/15)
Scrolls
 g - 2 scrolls of blinking
 h - 3 scrolls of remove curse
 i - 2 scrolls of amnesia
Potions
 b - 5 potions of curing
 c - 3 potions of heal wounds
 d - a potion of haste
 e - 4 potions of magic
 f - a potion of invisibility
Comestibles
 a - a meat ration


   Skills:
 + Level 7.9 Fighting
 + Level 10.3 Dodging
 + Level 7.1 Stealth
 + Level 12.9 Unarmed Combat


You had 4 spell levels left.
You didn't know any spells.

Dungeon Overview and Level Annotations

Branches:
Dungeon (1/1)

Altars:
Cheibriados
Dithmenos
Elyvilon
Fedhas
Gozag
Hepliaklqana
Kikubaaqudgha
Makhleb
Nemelex Xobeh
Okawaru
Qazlal
Ru
Sif Muna
Trog
Uskayaw
Vehumet
Wu Jian
Xom
Yredelemnul
Zin
The Shining One
Beogh
Jiyva
Lugonu

Shops:
D [


Innate Abilities, Weirdness & Mutations

You cannot wear armour.
You are incapable of wielding weapons or throwing items.
Your paws allow you to move quietly. (Stealth)
You have sharp claws.
You have razor-sharp teeth.
You have supernaturally acute eyesight. (SInv)
You are carnivorous and can eat meat at any time.
You cover ground quickly.
You are covered in thick fur. (AC +2)
You have a slow metabolism.
Your sharp claws are effective at attacking unaware monsters.


Message History

Ouch! That really hurt!
The yaktaur closely misses you.
The stone giant shouts!
There is an open door here.
You scratch the yaktaur.
The yaktaur is lightly wounded.
You scratch the yaktaur but do no damage.
The yaktaur is lightly wounded.
The yaktaur barely misses you.
You barely miss the yaktaur. You claw the yaktaur, but do no damage.
Your bite misses the yaktaur.
The yaktaur is lightly wounded.
The yaktaur completely misses you.
The ogre mage mumbles some strange words.
The ogre mage blinks!
You claw the yaktaur!
The yaktaur is moderately wounded.
The yaktaur hits you!
Ouch! That really hurt!
You die...

▓.▓
▓.▓
▓+▓
▓.▓
▓.▓
▓O▓
▓.▓
▓.▓
▓O▓
▓.▓
▓.▓
▓†▓
▓.▓
▓.▓
▓.▓
▓.▓
▓.▓
▓.▓
▓.▓
▓.▓
▓.▓
▓4▓
▓.▓
▓'▓
▓†▓
▓@▓
▓.▓
▓o▓
▓c▓
▓.▓
▓o▓
▓c▓
▓.▓
▓o▓
▓k▓
▓.▓
▓o▓
▓G▓
▓.▓
▓o▓
▓C▓
▓)▓
▓3▓
▓O▓
▓'▓
▓o▓
▓G▓
▓.▓


You could see a stone giant, 2 great orbs of eyes, a wind drake, a centaur
warrior, an ogre mage and a yaktaur.

Vanquished Creatures
  An ugly thing (D)
  A hungry ghost (D)
  An orc warrior (D)
  An eye of draining (D)
  A bullfrog (D)
  A scorpion (D)
  2 crimson imps (D)
  An adder (D)
  An adder zombie (D)
  A worm (D)
  A leopard gecko (D)
  2 orcs (D)
  A giant cockroach (D)
  A ball python (D)
  A goblin (D)
  A kobold (D)
  2 rats (D)
20 creatures vanquished.

Notes
Turn   | Place    | Note
-------+----------+-------------------------------------------
     0 | D        | PhlogistonFlux the Felid Monk began the quest for the Orb.
     0 | D        | Reached XP level 1. HP: 10/10 MP: 2/2
    11 | D        | Reached skill level 4 in Unarmed Combat
   118 | D        | Noticed a crimson imp
   118 | D        | Noticed a crimson imp
   125 | D        | Killed a crimson imp
   125 | D        | Reached skill level 7 in Unarmed Combat
   125 | D        | Reached XP level 2. HP: 14/14 MP: 3/3
   125 | D        | Reached XP level 3. HP: 17/17 MP: 4/4
   128 | D        | Reached skill level 8 in Unarmed Combat
   128 | D        | Reached XP level 4. HP: 21/21 MP: 5/5
   208 | D        | Found a roughly hewn altar of Beogh.
   208 | D        | Found a snail-covered altar of Cheibriados.
   208 | D        | Found a shadowy altar of Dithmenos.
   208 | D        | Found a white marble altar of Elyvilon.
   208 | D        | Found a blossoming altar of Fedhas.
   208 | D        | Found an opulent altar of Gozag.
   209 | D        | Found a hazy altar of Hepliaklqana.
   210 | D        | Found a viscous altar of Jiyva.
   211 | D        | Found an ancient bone altar of Kikubaaqudgha.
   212 | D        | Found a corrupted altar of Lugonu.
   213 | D        | Found a burning altar of Makhleb.
   214 | D        | Found a sparkling altar of Nemelex Xobeh.
   215 | D        | Found an iron altar of Okawaru.
   216 | D        | Found a stormy altar of Qazlal.
   217 | D        | Found a sacrificial altar of Ru.
   218 | D        | Found a deep blue altar of Sif Muna.
   219 | D        | Found a bloodstained altar of Trog.
   220 | D        | Found a hide-covered altar of Uskayaw.
   221 | D        | Found a radiant altar of Vehumet.
   222 | D        | Found an ornate altar of the Wu Jian Council.
   225 | D        | Became a worshipper of Makhleb the Destroyer
   225 | D        | Reached * piety under Makhleb
   225 | D        | Reached ** piety under Makhleb
   228 | D        | Found a shimmering altar of Xom.
   229 | D        | Found a basalt altar of Yredelemnul.
   230 | D        | Found a glowing silver altar of Zin.
   231 | D        | Found a glowing golden altar of the Shining One.
   257 | D        | Noticed an orc warrior
   257 | D        | Noticed a bullfrog
   257 | D        | Noticed an eye of draining
   273 | D        | Killed an eye of draining
   273 | D        | Reached skill level 9 in Unarmed Combat
   273 | D        | Reached XP level 5. HP: 25/25 MP: 0/6
   281 | D        | Reached *** piety under Makhleb
   281 | D        | Reached skill level 5 in Fighting
   281 | D        | Reached skill level 10 in Unarmed Combat
   298 | D        | Killed an orc warrior
   298 | D        | Reached skill level 5 in Stealth
   298 | D        | Reached skill level 11 in Unarmed Combat
   298 | D        | Gained mutation: You are covered in thick fur. (AC +2) [Felid growth]
   298 | D        | Reached XP level 6. HP: 15/31 MP: 2/7
   457 | D        | Noticed a two-headed ogre
   457 | D        | Noticed a hungry ghost
   457 | D        | Noticed a red ugly thing
   466 | D        | Killed a red ugly thing
   466 | D        | Reached skill level 12 in Unarmed Combat
   466 | D        | Reached XP level 7. HP: 24/36 MP: 8/8
   479 | D        | Killed a hungry ghost
   479 | D        | Reached **** piety under Makhleb
   479 | D        | Reached skill level 10 in Dodging
   506 | D        | Slain by a two-headed ogre
   507 | D        | Reached XP level 6. HP: -3/33 MP: 7/7
   510 | D        | Found Nofanges's Armour Shop.
   510 | D        | Noticed an orc high priest
   510 | D        | Noticed an orc knight
   510 | D        | Noticed an orc high priest
   510 | D        | Noticed an orc knight
   510 | D        | Noticed an orc knight
   511 | D        | Noticed an orc high priest
   513 | D        | Noticed a sun demon
   513 | D        | Noticed a hellwing
   515 | D        | Mangled by a hellwing
   516 | D        | Reached XP level 5. HP: -8/29 MP: 6/6
   517 | D        | Noticed a yaktaur
   517 | D        | Noticed a centaur warrior
   517 | D        | Noticed a wind drake
   517 | D        | Noticed a great orb of eyes
   517 | D        | Noticed an ogre mage
   517 | D        | Noticed a stone giant
   518 | D        | Noticed a great orb of eyes
   522 | D        | Slain by a yaktaur

Vault maps used:
D:        linesprint

Skill      XL: |  1  2  3  4  5  6  7 |
---------------+----------------------+-----
Unarmed Combat | 7 8 9 11 12 | 12.9
Fighting       | 4 6 7 |  7.9
Dodging        | 6 7 9 10 | 10.3
Stealth        | 4 5 6 7 |  7.1

Action                   |  1- 3 |  4- 6 |  7- 9 || total
-------------------------+-------+-------+-------++-------
Melee: Unarmed           |    16 |    31 |    13 ||    60
       Bite              |       |     2 |     2 ||     4
       Punch             |       |     2 |       ||     2
Evoke: Wand              |       |     5 |     2 ||     7
  Use: Potion            |     1 |       |       ||     1
 Stab: Distracted        |       |     1 |       ||     1
       Sleeping          |       |     1 |       ||     1
  Eat: Chunk             |       |     7 |       ||     7
Armor: Skin              |       |     1 |       ||     1
Dodge: Dodged            |     9 |    18 |     9 ||    36
